 Dungeon Crawl Stone Soup version 0.28-a0-43-g560ac104fe (webtiles) character file.

Game seed: 15727261060833919688

11205 MacCMillion the Frost Mage (level 11, -5/72 HPs)
             Began as a Gargoyle Ice Elementalist on July 28, 2021.
             Was an Elder of Nemelex Xobeh.
             Killed from afar by a molten gargoyle (12 damage)
             ... with a bolt of magma
             ... on level 11 of the Dungeon.
             The game lasted 00:43:49 (10616 turns).

MacCMillion the Frost Mage (GrIE)                  Turns: 10616, Time: 00:43:49

Health: -5/72      AC: 19    Str: 17    XL:     11   Next: 74%
Magic:  23/23      EV: 11    Int: 22    God:    Nemelex Xobeh [****..]
Gold:   477        SH:  0    Dex: 10    Spells: 8/14 levels left

rFire   + + .      SeeInvis .   D - +0 flail (holy)
rCold   . . .      Faith    .   (no shield)
rNeg    + . .      Spirit   .   E - +2 leather armour {rF+}
rPois   ∞          Reflect  .   z - +2 helmet of the Moon Troll {Str+5 Int+3}
rElec   +          Harm     .   T - +0 cloak
rCorr   .          Rampage  .   G - +0 pair of gloves
Will    .....                   (no boots)
Stlth   +.........              (no amulet)
HPRegen 0.22/turn               d - ring of magical power
MPRegen 0.18/turn               k - ring of protection from fire

@: confused, ambrosia-drunk, hasted, studying Transmutations, very quick
A: sickness immunity, AC +8, negative energy resistance 1, electricity
resistance, torment resistance 1, petrification resistance
a: Renounce Religion, Draw Escape, Draw Destruction, Draw Summoning, Triple
Draw, Deal Four


You were on level 11 of the Dungeon.
You worshipped Nemelex Xobeh.
Nemelex Xobeh was greatly pleased with you.
You visited 1 branch of the dungeon, and saw 10 of its levels.
You also visited: Sewer.

You collected 477 gold pieces.

Inventory:

Hand Weapons
 j - a +0 flail
 u - a +0 vorpal mace
 D - a +0 flail of holy wrath (weapon)
 M - a +2 dire flail of protection
 Y - a +3 dagger of venom
Missiles
 X - a throwing net
Armour
 r - a +0 troll leather armour {Purgy}
 w - a +0 ring mail
 y - a +2 animal skin
 z - the +2 helmet of the Moon Troll (worn) {Str+5 Int+3}
   (You took it off Robin on level 4 of the Dungeon)

   Str:       It affects your strength (+5).
   Int:       It affects your intelligence (+3).
 E - a +2 leather armour of fire resistance (worn)
 G - a +0 pair of gloves (worn)
 T - a +0 cloak (worn)
Jewellery
 d - a ring of magical power (left hand)
 f - a ring of flight
 k - a ring of protection from fire (right hand)
 o - a +6 ring of strength
 q - a ring of protection from fire
 Q - an amulet of reflection
 S - an amulet of faith
Wands
 x - a wand of mindburst (10)
 A - a wand of polymorph (12)
 U - a wand of iceblast (16)
 W - a wand of charming (6)
Scrolls
 a - a scroll of blinking {unknown}
 c - a scroll of noise {unknown}
 l - 3 scrolls of fear
 m - 2 scrolls of fog
 p - a scroll of immolation
 t - 2 scrolls of identify
 C - 2 scrolls of enchant weapon {unknown}
 H - 2 scrolls of magic mapping {unknown}
 I - a scroll of torment {unknown}
 K - 2 scrolls of enchant armour {unknown}
 L - 2 scrolls of holy word {unknown}
 N - a scroll of summoning {unknown}
 O - 2 scrolls of vulnerability
Potions
 b - 2 potions of lignification
 e - 5 potions of curing
 h - a potion of resistance
 i - a potion of haste
 n - a potion of berserk rage
 s - a potion of mutation
 B - 2 potions of attraction
 F - a potion of flight
 R - a potion of brilliance {unknown}


   Skills:
 - Level 10.0 Fighting
 - Level 5.0 Armour
 - Level 1.5 Dodging
 - Level 4.0 Stealth
 - Level 2.0 Spellcasting
 - Level 5.0 Conjurations
 - Level 6.0 Hexes
 + Level 12.7 Ice Magic


You had 8 spell levels left.
You knew the following spells:

 Your Spells              Type           Power      Damage    Failure   Level
a - Freeze                Ice            100%       1d11      1%          1
b - Frozen Ramparts       Ice            100%       1d12      1%          3
c - Ensorcelled Hibernat  Hex/Ice        86%        N/A       1%          2

Your spell library contained the following spells:

 Spells                   Type           Power      Damage    Failure   Level
 Corona                   Hex            31%        N/A       1%          1
 Slow                     Hex            28%        N/A       1%          2
 Ozocubu's Armour         Ice            55%        N/A       1%          3
 Confusing Touch          Hex            28%        N/A       4%          3
 Tukima's Dance           Hex            28%        N/A       4%          3
 Hailstorm                Conj/Ice       41%        3d10      4%          4
 Ozocubu's Refrigeration  Ice            27%        4d10      58%         7
 Yara's Violent Unravell  Hex/Tmut       7%         3d5       78%         5
 Olgreb's Toxic Radiance  Pois           2%         N/A       85%         4
 Summon Forest            Summ/Tloc      1%         N/A       99%         5
 Eringya's Noxious Bog    Tmut/Pois      1%         N/A       100%        6
 Summon Hydra             Summ           1%         N/A       100%        7
 Ignition                 Fire           1%         3d3       100%        8


Dungeon Overview and Level Annotations

Branches:
Dungeon (11/15)            Temple (0/1) D:5           Sewer (visited)
   Lair: D:8-11         Orc: D:9-12

Altars:
Fedhas
Nemelex Xobeh
Wu Jian

Annotations:
D:8 3 runed translucent doors, chipmonk's ghost, novice DrBe


Innate Abilities, Weirdness & Mutations

You are immune to sickness and miasma.
Your stone body is resilient. (AC +8)
You are immune to poison.
You resist negative energy. (rN+)
You are resistant to electric shocks. (rElec)
You are resistant to unholy torment.
You are immune to petrification.


Message History

The molten gargoyle hits you with a +0 mace!
You are engulfed in flames.
You resist.
Your frozen ramparts will break if you move.
Continue?
The frozen ramparts melt away as you move.
The molten gargoyle hits you but does no damage.
Why would you want to do that?
The molten gargoyle blasts magma at you!
The bolt of magma hits you. You partially resist.
* * * LOW HITPOINT WARNING * * *
Unknown command.
The molten gargoyle blasts magma at you!
The bolt of magma hits you! You partially resist.
* * * LOW HITPOINT WARNING * * *
Okay, then.
You are confused.
You feel invigorated.
The molten gargoyle blasts magma at you!
The bolt of magma hits you. You partially resist.
* * * LOW HITPOINT WARNING * * *
The molten gargoyle barely misses you.
Unknown command.
You're too confused to move!
The molten gargoyle hits you with a +0 morningstar!
* * * LOW HITPOINT WARNING * * *
You are engulfed in flames.
You resist.
* * * LOW HITPOINT WARNING * * *
The molten gargoyle barely misses you.
Okay, then.
You feel yourself speed up. The molten gargoyle barely misses you.
The molten gargoyle blasts magma at you!
The bolt of magma misses you.
The molten gargoyle hits you with a +0 morningstar.
* * * LOW HITPOINT WARNING * * *
You are engulfed in flames.
You resist.
* * * LOW HITPOINT WARNING * * *
You're too confused to move!
The molten gargoyle blasts magma at you!
The bolt of magma hits you! You partially resist.
You die...
Your body glows with a rainbow of weird colours and disappears.

#.#....#§≈...≈§# ..
#.###.##≈...≈≈# #. #.#
#.#§§..≈≈§# #. #.#
#.#§..≈≈≈# #. #.#
#.##..≈§## #. #.#
#.##≈..≈## #. #.#
#.##§≈..9### #. ##.#
#.###≈≈§9§≈## ##. #..#
#.#####§§@§≈## #.. #.##
#.#..###§.§≈≈## #####.. #.#
#.#...###§.§§≈## #......
#.####.......#.§≈≈≈≈#
#.####.
#...........##§≈§≈≈≈# #.#
## #..###.)...###§§#≈≈##
#.#
#..#####.####..##≈§######.#
#.....)### ##.##
§§#......## ##.#########.##
§####....##


You could see 2 molten gargoyles.

Vanquished Creatures
  A hydra (D:11)
  3 two-headed ogres
  A manticore (D:6)
  2 unseen horrors (D:11)
  A kobold demonologist (D:9)
  An efreet (D:11)
  2 trolls (D:11)
  A tyrant leech (shapeshifter) (D:9)
  Eustachio (D:6)
  16 yaks
  2 vampire mosquitoes (D:11)
  2 water moccasins
  Duvessa (D:6)
  An orc warrior (D:7)
  A sky beast (D:7)
  Purgy (Sewer)
  3 black bears
  2 ogres
  A boggart (D:5)
  5 centaurs
  A kobold brigand (D:7)
  2 bullfrogs
  A wyvern zombie (D:9)
  4 scorpions
  A water moccasin zombie (D:5)
  Dowan (D:6)
  9 wights
  5 howler monkeys
  2 bullfrog zombies
  3 lava snakes (D:11)
  A centaur zombie (D:6)
  3 jellies
  5 hounds
  2 bullfrog skeletons (D:6)
  A centaur skeleton (D:7)
  2 gnoll shamans
  An orc priest (D:5)
  2 iguanas
  8 orc wizards
  A killer bee zombie (D:5)
  Robin (D:4)
  13 gnolls
  A howler monkey skeleton (D:5)
  8 adders
  4 white imps
  An ufetubus (D:5)
  An adder skeleton (D:4)
  4 worms
  21 orcs
  8 ball pythons
  6 bats
  2 endoplasms
  A giant cockroach (D:3)
  18 goblins
  7 hobgoblins
  12 jackals
  7 quokkas
  4 frilled lizards
  15 kobolds
  4 rats
241 creatures vanquished.

Vanquished Creatures (others)
  3 fungi (D:8)
  A plant (D:8)
4 creatures vanquished.

Grand Total: 245 creatures vanquished

Notes
Turn   | Place    | Note
-------+----------+-------------------------------------------
     0 | D:1      | MacCMillion the Gargoyle Ice Elementalist began the quest
                  | for the Orb.
     0 | D:1      | Reached XP level 1. HP: 10/10 MP: 3/3
   494 | D:1      | Reached XP level 2. HP: 15/15 MP: 5/5
  1093 | D:1      | Reached XP level 3. HP: 19/19 MP: 6/6
  1306 | D:2      | Reached skill level 5 in Ice Magic
  1334 | D:2      | Found a sparkling altar of Nemelex Xobeh.
  1343 | D:2      | Became a worshipper of Nemelex Xobeh the Trickster
  1724 | D:2      | Reached XP level 4. HP: 23/24 MP: 7/7
  1895 | D:2      | You are sucked into a shaft and drop 2 floors!
  1904 | D:4      | Learned a level 3 spell: Frozen Ramparts
  1907 | D:4      | Learned a level 2 spell: Ensorcelled Hibernation
  1989 | D:4      | Reached skill level 1 in Hexes
  1992 | D:4      | Reached skill level 6 in Ice Magic
  1992 | D:4      | Reached XP level 5. HP: 20/28 MP: 8/8
  2152 | D:4      | Reached * piety under Nemelex Xobeh
  2278 | D:3      | Found a faded altar of an unknown god.
  2378 | D:3      | Found a glowing drain.
  2393 | Sewer    | Entered a sewer
  2470 | Sewer    | Noticed Purgy
  2476 | Sewer    | Killed Purgy
  2477 | Sewer    | Reached XP level 6. HP: 29/32 MP: 9/9
  2770 | D:3      | Received a gift from Nemelex Xobeh
  3504 | D:2      | Reached ** piety under Nemelex Xobeh
  3646 | D:2      | Received a gift from Nemelex Xobeh
  3674 | D:2      | Reached skill level 7 in Ice Magic
  3992 | D:4      | Received a gift from Nemelex Xobeh
  4028 | D:4      | Identified the +2 helmet of the Moon Troll {Str+5 Int+3}
  4028 | D:4      | Noticed Robin
  4035 | D:4      | Reached XP level 7. HP: 37/37 MP: 10/10
  4042 | D:4      | Killed Robin
  4312 | D:5      | Entered Level 5 of the Dungeon
  4322 | D:5      | Reached skill level 1 in Fighting
  4626 | D:5      | Noticed Edmund
  4630 | D:5      | Noticed Edmund
  4630 | D:5      | Edmund changed into Edmund the boggart
  4633 | D:5      | Killed Edmund the boggart
  4666 | D:5      | Reached XP level 8. HP: 48/48 MP: 11/11
  4792 | D:5      | Reached skill level 5 in Fighting
  4858 | D:5      | Reached skill level 1 in Armour
  5030 | D:5      | Found an ornate altar of the Wu Jian Council.
  5351 | D:5      | Found a staircase to the Ecumenical Temple.
  5597 | D:5      | Reached *** piety under Nemelex Xobeh
  5853 | D:6      | Reached skill level 8 in Ice Magic
  5862 | D:6      | Noticed Dowan
  5868 | D:6      | Killed Dowan
  5869 | D:6      | Reached XP level 9. HP: 41/54 MP: 7/12
  6089 | D:6      | Noticed Eustachio
  6105 | D:6      | Killed Eustachio
  6106 | D:6      | Reached skill level 5 in Armour
  6172 | D:6      | Noticed Duvessa
  6181 | D:6      | Killed Duvessa
  6262 | D:6      | Found a blossoming altar of Fedhas.
  6343 | D:6      | Reached skill level 9 in Ice Magic
  6622 | D:6      | Reached skill level 5 in Hexes
  6627 | D:6      | Reached skill level 10 in Ice Magic
  6673 | D:6      | Received a gift from Nemelex Xobeh
  6771 | D:6      | Noticed a manticore
  6847 | D:6      | Killed a manticore
  6848 | D:6      | Reached XP level 10. HP: 36/59 MP: 13/13
  7312 | D:7      | Reached skill level 11 in Ice Magic
  7547 | D:7      | Reached **** piety under Nemelex Xobeh
  7560 | D:7      | Received a gift from Nemelex Xobeh
  7622 | D:7      | Reached skill level 1 in Conjurations
  8849 | D:8      | Noticed a two-headed ogre
  8858 | D:8      | Killed a two-headed ogre
  8898 | D:8      | Found a runed translucent gate.
  8898 | D:8      | Found a runed translucent gate.
  8898 | D:8      | Found a runed translucent gate.
  8899 | D:8      | Noticed a kobold demonologist
  8899 | D:8      | Noticed chipmonk's ghost (novice DrBe)
  9041 | D:9      | Reached XP level 11. HP: 61/71 MP: 14/14
  9042 | D:9      | Reached skill level 5 in Conjurations
  9098 | D:9      | Noticed a two-headed ogre
  9358 | D:9      | Killed a two-headed ogre
  9359 | D:9      | Reached skill level 10 in Fighting
  9563 | D:9      | Received a gift from Nemelex Xobeh
  9707 | D:9      | You fall into a shaft and drop 2 floors!
  9787 | D:11     | Noticed a two-headed ogre
  9795 | D:11     | Killed a two-headed ogre
  9912 | D:11     | Reached skill level 12 in Ice Magic
 10155 | D:11     | Noticed a four-headed hydra
 10166 | D:11     | Killed a four-headed hydra
 10610 | D:11     | HP: 2/72 [molten gargoyle/bolt of magma (16)]
 10616 | D:11     | Killed from afar by a molten gargoyle

Illustrated notes

Levels and vault maps discovered:
D:1:      dpeg_arrival_brainrot, layout_loops_ring
D:2:      layout_loops_cross, basic_altar
D:3:      layout_basic, ebering_ecumenical_altar_mist, portal_sewer_entry_d
D:4:      layout_rooms, minmay_misc_feat_tower, uniq_robin
D:5:      layout_basic, marbit_many_paths, minmay_temple_entry_fiery,
          uniq_edmund
D:6:      layout_gridville, mainiacjoe_overflow_six_doors_small,
          minmay_manual_moon, uniq_eustachio, uniq_duvessa
D:7:      layout_loops_corners
D:8:      layout_basic, gammafunk_ghost_nasty_kobolds
D:9:      layout_long_grid
D:11:     cheibrodos_magma_flow, layout_loops_ring, lair_entry_dummy

Skill      XL: |  1  2  3  4  5  6  7  8  9 10 11 |
---------------+----------------------------------+-----
Ice Magic      | 5 6 7 8 10 11 12 | 12.7
Hexes          | 1 2 3 4 6 |  6.0
Stealth        | 3 4 |  4.0
Fighting       | 4 5 9 10 | 10.0
Armour         | 4 5 |  5.0
Conjurations   | 4 5 |  5.0
Dodging        | |  1.5
Spellcasting   | |  2.0

Action                   |  1- 3 |  4- 6 |  7- 9 | 10-12 || total
-------------------------+-------+-------+-------+-------++-------
Melee: Dagger            |     6 |    38 |    80 |       ||   124
       Flail             |       |       |    28 |    70 ||    98
 Cast: Freeze            |    55 |    62 |    81 |   107 ||   305
       Frozen Ramparts   |       |    11 |    18 |    28 ||    57
Invok: Draw Destruction  |       |       |     6 |     2 ||     8
  Use: Scroll            |       |     1 |     8 |     8 ||    17
       Potion            |       |       |     1 |     2 ||     3
 Stab: Sleeping          |     3 |     5 |     3 |     3 ||    14
Armor: Robe              |    14 |    26 |       |       ||    40
       Troll leather arm |       |    10 |   109 |   134 ||   253
       Leather armour    |       |       |       |     5 ||     5
Dodge: Dodged            |    18 |    43 |   114 |    91 ||   266

Table legend: (Time is in decaauts)
 A = Elapsed time spent in this place.
 B = Non-inter-level travel time spent in this place.
 C = Inter-level travel time spent in this place.
 D = Time resting spent in this place.
 E = Time spent auto-exploring this place.
 F = Levels seen in this place.
 G = Mean time per level.
                   A        B        C        D        E       F      G
               +--------+--------+--------+--------+--------+-----+--------+
         Total |  10661 |  10161 |    500 |    810 |   6930 |  11 |  969.2 |
       Dungeon |  10469 |   9969 |    500 |    808 |   6826 |  10 | 1046.9 |
         Sewer |    192 |    192 |      0 |      2 |    104 |   1 |  192.0 |
               +--------+--------+--------+--------+--------+-----+--------+

Top non-repeatable levels by time:
     D:5: 1443 daAuts
     D:6: 1363 daAuts
     D:1: 1298 daAuts
     D:7: 1220 daAuts
     D:3: 1039 daAuts
     D:2: 923 daAuts
    D:11: 911 daAuts
     D:4: 865 daAuts
     D:8: 795 daAuts
     D:9: 608 daAuts
   Sewer: 192 daAuts
